 Dungeon Crawl Stone Soup version 0.21-a0-91-ga5031da (console) character file.

1979 removed the Basher (level 8, 43/63 HPs)
             Began as a Demigod Wanderer on June 29, 2017.
             Quit the game on level 7 of the Dungeon.
             The game lasted 00:18:00 (7174 turns).

removed the Basher (Demigod Wanderer)               Turns: 7174, Time: 00:18:01

Health: 43/63      AC: 16    Str: 20    XL:     8   Next: 69%
Magic:  10/10      EV:  7    Int: 10    God:
Gold:   416        SH:  3    Dex: 17    Spells: 7/7 levels left

rFire    . . .     SeeInvis +   a - +0 mace (freeze)
rCold    . . .     Gourm    .   (no shield)
rNeg     . . .     Faith    .   k - +1 storm dragon scales
rPois    .         Spirit   .   m - +0 helmet
rElec    +         Reflect  +   (no cloak)
rCorr    .         Harm     .   H - +0 pair of gloves
MR       .....                  F - +0 pair of boots
Stlth    ..........             K - +3 amulet of reflection
HPRegen  0.20/turn              R - ring of see invisible
MPRegen  0.12/turn              T - -3 ring of intelligence (curse)

@: no status effects
A: high mp 1
a: no special abilities


You were on level 7 of the Dungeon.
You were not hungry.

You visited 1 branch of the dungeon, and saw 7 of its levels.

You collected 416 gold pieces.

Inventory:

Hand Weapons
 a - a +0 mace of freezing (weapon)
 b - a +3 blowgun
 e - a +0 dagger
 u - a +1 dagger of venom
Missiles
 d - 2 curare-tipped needles
 t - 6 poisoned needles
Armour
 c - a +0 ring mail
 k - +1 storm dragon scales (worn)
 m - a +0 helmet (worn)
 D - a +0 hat
 F - a +0 pair of boots (worn)
 H - a +0 pair of gloves (worn)
 N - a +2 leather armour of magic resistance
Jewellery
 q - a +2 ring of strength
 K - a +3 amulet of reflection (around neck)
 R - a ring of see invisible (left hand)
 T - a cursed -3 ring of intelligence (right hand)
 X - an uncursed amulet of guardian spirit {unknown}
Wands
 A - a wand of random effects (0/48)
 M - a wand of digging (8/24)
 U - a wand of flame (11/48)
Scrolls
 o - a scroll of recharging
 p - a scroll of fear
 G - a scroll of blinking
 L - a scroll of enchant weapon
 O - 5 scrolls of remove curse
 V - a scroll of teleportation
 W - a scroll of fog
Potions
 s - 2 potions of flight
 x - a potion of magic
 B - 2 potions of brilliance
 C - 3 potions of agility
 E - a potion of haste
 I - 3 potions of curing
 Q - a potion of resistance
 S - 2 potions of mutation
 Y - a potion of invisibility {unknown}
 Z - a potion of degeneration {unknown}
Comestibles
 f - 4 bread rations
 i - 3 meat rations
 z - 4 chunks of flesh
 J - a royal jelly
 P - 4 fruits


   Skills:
 + Level 3.1 Fighting
 - Level 10.0 Maces & Flails
 - Level 1.0 Throwing
 - Level 4.0 Armour
 - Level 2.6 Stealth


You had 7 spell levels left.
You didn't know any spells.

Dungeon Overview and Level Annotations

Branches:
Dungeon (7/15)             Temple (0/1) D:7


Innate Abilities, Weirdness & Mutations

You have an increased reservoir of magic. (+10% MP)


Message History

The orc shouts!
The orc priest calls down the wrath of Beogh upon you.
Beogh smites you!
An orc warrior comes into view.
It is wielding a long sword of draining.
The orc warrior shouts!
An orc comes into view. It is wielding a hand axe.
The orc shouts!
The orc moves out of view.
Things that are here:
a hand axe; an orc skeleton The orc priest invokes the aid of Beogh against you.
Beogh smites you!
You see here a quokka skeleton.
The orc hits you but does no damage.
You thump the orc! You freeze the orc.
You kill the orc!
Press: ? - help, v - describe, . - travel
Here: an orc warrior, wielding a long sword of draining and wearing a plate armour The floor.
Are you sure you want to abandon this character and quit the game? (Confirm with "yes".)

### #.. ####### #########
#.# #.....# #.......# #)#
#.#.#.# #.#####.####.#
#.._..######....^........
###.#o÷o@.......##.####.#
#.o#######....##.# #.#
####)#### #.....##.# #.#
#.......# ##.......# #..
#.##o##.# ##.###### ### #
#.o.# # #.# # #.#.# #.# #
#...# ##'## # #....o..#
##...## ###


You could see an orc warrior, an orc priest and an orc.

Vanquished Creatures
  Grinder (D:6)
  Sigmund (D:3)
  Duvessa (D:6)
  An ice beast (D:6)
  Purgy (D:3)
  2 ogres
  A bullfrog (D:6)
  Dowan (D:6)
  A water moccasin skeleton (D:4)
  A scorpion (D:6)
  A crimson imp (D:5)
  A bullfrog skeleton (D:5)
  4 hounds
  3 orc wizards
  2 iguanas
  Ijyb (D:4)
  Natasha (thrice) (D:3)
  Terence (D:3)
  4 worker ants
  2 hound zombies
  A mummy (D:4)
  A worker ant zombie (D:5)
  Robin (D:1)
  7 gnolls (D:3)
  7 adders
  A shadow imp (D:4)
  An adder zombie (D:4)
  4 adder skeletons
  4 worms
  4 dart slugs
  6 leopard geckos
  20 orcs
  6 ball pythons
  7 bats
  4 giant cockroaches
  16 goblins
  10 hobgoblins
  13 jackals
  4 quokkas
  3 frilled lizards
  3 hobgoblin zombies (D:4)
  2 jackal skeletons (D:4)
  9 kobolds
  A kobold zombie (D:4)
  A quokka zombie (D:5)
  4 rats
  A fungus (D:3)
174 creatures vanquished.

Notes
Turn   | Place    | Note
-------+----------+-------------------------------------------
     0 | D:1      | removed the Demigod Wanderer began the quest for the Orb.
     0 | D:1      | removed set off with: 3 curare-tipped needles, a +2 blowgun, a +0 ring mail, a +0 mace, a +0 dagger, a bread ration
     0 | D:1      | Reached XP level 1. HP: 16/16 MP: 3/3
    63 | D:1      | Noticed a water moccasin
    63 | D:1      | Noticed a five-headed hydra
    63 | D:1      | Noticed a hog
    63 | D:1      | Noticed a black bear
    63 | D:1      | Noticed a killer bee
    68 | D:1      | Reached skill level 2 in Maces & Flails
   250 | D:1      | Reached XP level 2. HP: 23/23 MP: 4/4
   713 | D:2      | Noticed Robin
   804 | D:2      | Reached skill level 3 in Maces & Flails
   878 | D:1      | Killed Robin
   878 | D:1      | Reached XP level 3. HP: 12/28 MP: 5/5
  1332 | D:2      | Found a sacrificial altar of Ru.
  1606 | D:1      | Reached skill level 4 in Maces & Flails
  1654 | D:2      | Found a sparkling altar of Nemelex Xobeh.
  1728 | D:2      | Reached XP level 4. HP: 33/35 MP: 6/6
  2226 | D:3      | Noticed Terence
  2243 | D:3      | Killed Terence
  2254 | D:3      | Noticed Natasha
  2264 | D:3      | Killed Natasha
  2364 | D:3      | Reached skill level 5 in Maces & Flails
  2414 | D:3      | Reached XP level 5. HP: 37/40 MP: 7/7
  2689 | D:3      | Noticed Purgy
  2860 | D:3      | Killed Purgy
  2979 | D:3      | Noticed Natasha
  2992 | D:3      | Killed Natasha
  2992 | D:3      | Reached skill level 6 in Maces & Flails
  2992 | D:3      | Reached XP level 6. HP: 39/47 MP: 8/8
  3226 | D:3      | Noticed Natasha
  3233 | D:3      | Killed Natasha
  3351 | D:3      | Noticed Sigmund
  3619 | D:3      | Killed Sigmund
  3619 | D:3      | Reached skill level 7 in Maces & Flails
  4060 | D:4      | Reached XP level 7. HP: 49/52 MP: 9/9
  4398 | D:4      | Noticed Ijyb
  4404 | D:4      | Killed Ijyb
  4977 | D:5      | Entered Level 5 of the Dungeon
  5717 | D:6      | Reached skill level 8 in Maces & Flails
  5717 | D:6      | Reached XP level 8. HP: 37/63 MP: 10/10
  5892 | D:6      | Noticed Grinder
  6223 | D:6      | Noticed Duvessa
  6228 | D:6      | Noticed Dowan
  6237 | D:6      | Killed Duvessa
  6237 | D:6      | Reached skill level 9 in Maces & Flails
  6503 | D:6      | Paralysed by Grinder for 4 turns
  6513 | D:6      | Killed Grinder
  6558 | D:6      | Killed Dowan
  7033 | D:7      | Reached skill level 10 in Maces & Flails
  7041 | D:7      | Found a burning altar of Makhleb.
  7094 | D:7      | Found a staircase to the Ecumenical Temple.
  7174 | D:7      | Quit the game

Vault maps used:
D:1:      onia_arrival_zoo_common
D:2:      overflow_temple_1_default, nicolae_ru_awakened_eye, uniq_robin
D:3:      minivault_25, minmay_gold_behind_fungi, uniq_sigmund, uniq_terence,
          uniq_natasha, uniq_purgy
D:4:      minmay_mini_ossuary, uniq_ijyb
D:5:      first_bread
D:6:      uniq_grinder, uniq_duvessa
D:7:      lemuel_crystal_altar, old_standard_altar, lemuel_temple_firewalk_a,
          serial_shops, shop

Skill      XL: |  1  2  3  4  5  6  7  8 |
---------------+-------------------------+-----
Maces & Flails | 2 3 4 5 6 7 8 10 | 10.0
Armour         | 3 4 |  4.0
Fighting       | 3 |  3.1
Throwing       | |  1.0
Stealth        | |  2.6

Action                   |  1- 3 |  4- 6 |  7- 9 || total
-------------------------+-------+-------+-------++-------
Melee: Mace              |   160 |   230 |   299 ||   689
       Unarmed           |       |     4 |       ||     4
 Fire: Blowgun           |       |    39 |    46 ||    85
Evoke: Wand              |       |     8 |    15 ||    23
  Use: Scroll            |       |    10 |     9 ||    19
 Stab: Sleeping          |     1 |       |       ||     1
  Eat: Chunk             |     3 |     8 |    10 ||    21
Armor: Ring mail         |     7 |       |       ||     7
       Storm dragon scal |    87 |   178 |   191 ||   456
       Skin              |       |    12 |       ||    12
Dodge: Dodged            |    69 |   120 |    78 ||   267
Block: Other             |       |       |    21 ||    21
